 Dungeon Crawl Stone Soup version 0.32-a0-468-g38b2580584 (webtiles) character file.

Game seed: 4430060209776583826

26 Goblin1989 the Sneak (level 2, -1/24 HPs)
             Began as a Demonspawn Delver on Feb 24, 2024.
             Slain by an orc
             ... wielding a +0 hand axe
              (6 damage)
             ... on level 3 of the Dungeon.
             The game lasted 00:03:27 (1377 turns).

Goblin1989 the Sneak (Demonspawn Delver)            Turns: 1377, Time: 00:03:28

Health: -1/24      AC:  3    Str: 12    XL:     2   Next: 89%
Magic:  2/2        EV: 13    Int: 10    God:
Gold:   128        SH:  0    Dex: 14    Spells: 1/1 levels left

rFire   . . .        a - +0 short sword
rCold   . . .        (no shield)
rNeg    . . .        b - +0 leather armour
rPois   .            (no helmet)
rElec   .            (no cloak)
rCorr   +            (no gloves)
SInv    .            (no boots)
Will    .....        (no amulet)
Stlth   +++          r - ring of resist corrosion
HPRegen 0.24/turn    (no ring)
MPRegen 0.08/turn

%: no passive effects
@: no status effects
A: repulsion field 1
a: no special abilities


You were on level 3 of the Dungeon.
You visited 1 branch of the dungeon, and saw 5 of its levels.

You collected 128 gold pieces.

Inventory:

Hand Weapons
 a - a +0 short sword (weapon)
Missiles
 o - 4 stones (quivered)
Armour
 b - a +0 leather armour (worn)
 m - a +0 ring mail
Jewellery
 r - a ring of resist corrosion (left hand)
Wands
 g - a wand of digging (3) {@v3}
Scrolls
 c - a scroll of fog
 d - a scroll of revelation
 e - a scroll of fear
 i - 2 scrolls of teleportation {unknown}
 l - 2 scrolls of identify {unknown}
 n - 2 scrolls of immolation {unknown}
 p - 2 scrolls of poison {unknown}
 s - a scroll of enchant weapon {unknown}
Potions
 f - 2 potions of haste {@q3,}
 h - a potion of heal wounds {unknown}
 j - 5 potions of curing {unknown}
 k - 2 potions of brilliance {unknown}
 q - a potion of might {unknown}


   Skills:
 - Level 3.0 Fighting
 + Level 2.5 Short Blades
 - Level 1.7 Dodging
 + Level 5.0 Stealth


You had one spell level left.
You didn't know any spells.
Your spell library contained the following spells:

 Spells                   Type           Power      Damage    Failure   Level
 Ozocubu's Armour         Ice            0%         N/A       82%         3
 Metabolic Englaciation   Hex/Ice        0%         N/A       100%        5
 Sculpt Simulacrum        Ice/Alch       0%         N/A       100%        6


Dungeon Overview and Level Annotations

Branches:
Dungeon (5/15) Zot: 25706
 Temple: D:4-7

Altars:

Annotations:
D:4 Sigmund


Innate Abilities, Weirdness & Mutations

You are surrounded by a mild repulsion field. (EV +2)


Message History

You barely miss the giant cockroach. The giant cockroach bites you.
You take 2 damage, and have 22/24 hp.
You hit the giant cockroach.
The giant cockroach is heavily wounded.
The giant cockroach bites you.
You take 1 damage, and have 21/24 hp.
You hit the giant cockroach.
You kill the giant cockroach!
No target in view!
No target in view!
No target in view!
No target in view!
No target in view!
No target in view!
No target in view!
No target in view!
No target in view!
No target in view!
No target in view!
No target in view!
No target in view!
No target in view!
No target in view!
HP restored.
An orc comes into view. It is wielding a +0 hand axe.
Health restored: 24
Found a stone staircase leading down.
The orc shouts!
A giant cockroach comes into view.
The orc hits you with a +0 hand axe.
You take 1 damage, and have 23/24 hp.
You hit the orc but do no damage. The orc closely misses you.
You closely miss the orc. You barely miss the orc. The orc misses you.
Health restored: 24 You hit the orc.
The orc is lightly wounded.
The orc hits you with a +0 hand axe.
You take 3 damage, and have 21/24 hp.
You barely miss the orc.
The orc is lightly wounded.
The orc closely misses you.
You hit the orc but do no damage.
The orc is lightly wounded.
The orc hits you but does no damage. The giant cockroach bites you.
You take 1 damage, and have 20/24 hp.
You hit the orc.
The orc is heavily wounded.
The orc barely misses you. The giant cockroach misses you.
You barely miss the orc.
The orc is heavily wounded.
The giant cockroach misses you. The orc closely misses you.
You closely miss the orc.
The orc is heavily wounded.
The giant cockroach misses you. The orc completely misses you.
You barely miss the orc.
The orc is heavily wounded.
The giant cockroach closely misses you.
You hit the orc but do no damage.
The orc is heavily wounded.
The orc barely misses you. The giant cockroach bites you.
You take 1 damage, and have 20/24 hp.
You hit the orc but do no damage.
The orc is heavily wounded.
The orc barely misses you. The giant cockroach closely misses you.
You hit the orc but do no damage.
The orc is heavily wounded.
The giant cockroach bites you but does no damage.
The orc misses you.
You barely miss the orc.
The orc is moderately wounded.
The giant cockroach barely misses you. The orc hits you with a +0 hand axe.
You take 2 damage, and have 19/24 hp.
You hit the orc but do no damage.
The orc is moderately wounded.
The giant cockroach misses you. The orc misses you.
You closely miss the orc.
The orc is moderately wounded.
The giant cockroach misses you. The orc hits you with a +0 hand axe!
You take 7 damage, and have 12/24 hp.
MASSIVE DAMAGE!!
You are too injured to fight recklessly!
You are too injured to fight recklessly!
You are too injured to fight recklessly!
You closely miss the orc.
The orc is moderately wounded.
The giant cockroach barely misses you. The orc hits you with a +0 hand axe.
* * * LOW HITPOINT WARNING * * *
You take 5 damage, and have 7/24 hp.
MASSIVE DAMAGE!!
You closely miss the orc.
The orc is moderately wounded.
The giant cockroach bites you.
* * * LOW HITPOINT WARNING * * *
You take 1 damage, and have 6/24 hp.
The giant cockroach closely misses you. The orc attacks as it pursues you!
The orc hits you with a +0 hand axe.
* * * LOW HITPOINT WARNING * * *
The giant cockroach closely misses you.
You take 2 damage, and have 4/24 hp.
The orc attacks as it pursues you! The orc hits you with a +0 hand axe.
You die...

█..█ █..█ █..█
.█ █..████.█
█..█.<█.█
█.^██.█.█ █
█.....█.█ ██.█
█.█████.█...
█....@.$█.█
██████o$..███.
█B......>
█....███.
█....█


██████ You could see an orc and a giant cockroach.

Vanquished Creatures
  5 ball pythons
  2 endoplasms (D:1)
  A giant cockroach (D:3)
  A goblin (D:2)
  3 hobgoblins
  A quokka (D:2)
  3 bats
  2 frilled lizards
  2 kobolds
  4 rats
24 creatures vanquished.

Notes
Turn   | Place    | Note
-------+----------+-------------------------------------------
     0 | D:5      | Goblin1989 the Demonspawn Delver began the quest for the
                  | Orb.
     0 | D:5      | Reached XP level 1. HP: 18/18 MP: 1/1
    11 | D:4      | Noticed Sigmund
    14 | D:4      | Noticed an iguana
   572 | D:1      | Gained mutation: You are surrounded by a mild repulsion
                  | field. (EV +2) [demonic ancestry]
   572 | D:1      | Reached XP level 2. HP: 20/24 MP: 2/2
  1026 | D:2      | Found a faded altar of an unknown god.
  1219 | D:2      | Reached skill level 5 in Stealth
  1377 | D:3      | Slain by an orc

Illustrated notes

Levels and vault maps discovered:
D:1:      psy_arrival_whirlpool, layout_basic
D:2:      layout_rooms, shapermc_ecumenical_altar_starsandcircs,
          minmay_pentomino_u4
D:3:      layout_basic, nicolae_yredelemnul_ghost_church, uniq_terence,
          uniq_jessica
D:4:      layout_cave_pods, elyvilon_altar_4, serial_shops, shop,
          nicolae_shop_drivethru, shop, shop_statue, uniq_sigmund
D:5:      layout_loops_cross, minmay_temple_entry_stoned_glass, uniq_duvessa

Skill      XL: |  1  2 |
---------------+-------+-----
Short Blades   | 2 |  2.5
Stealth        | 5 |  5.0
Fighting       | |  3.0
Dodging        | |  1.7

Action                     || total
---------------------------++-------
  Melee: Short sword       ||   110
   Stab: Sleeping          ||     2
 Armour: Leather armour    ||    56
  Dodge: Dodged            ||    75

Table legend: (Time is in decaauts)
 A = Elapsed time spent in this place.
 B = Non-inter-level travel time spent in this place.
 C = Inter-level travel time spent in this place.
 D = Time resting spent in this place.
 E = Time spent auto-exploring this place.
 F = Levels seen in this place.
 G = Mean time per level.
                   A        B        C        D        E       F      G
               +--------+--------+--------+--------+--------+-----+--------+
         Total |   1363 |   1297 |     66 |      0 |    993 |   5 |  272.6 |
       Dungeon |   1363 |   1297 |     66 |      0 |    993 |   5 |  272.6 |
               +--------+--------+--------+--------+--------+-----+--------+

Top non-repeatable levels by time:
     D:1: 825 daAuts
     D:2: 430 daAuts
     D:3: 91 daAuts
     D:4: 8 daAuts
     D:5: 8 daAuts
